 Dungeon Crawl Stone Soup version 0.30.1-11-g7821555f0a (webtiles) character file.

Game seed: 6054115804932392557

28 Destapler the Covered (level 2, -3/27 HPs)
             Began as a Minotaur Fighter on Dec 18, 2023.
             Succumbed to a goblin's poison
             ... on level 1 of the Dungeon.
             The game lasted 00:02:03 (789 turns).

Destapler the Covered (Minotaur Fighter)             Turns: 789, Time: 00:02:04

Health: -3/27      AC:  7    Str: 20    XL:     2   Next: 96%
Magic:  1/1        EV:  9    Int:  5    God:
Gold:   35         SH:  4    Dex:  9    Spells: 1/1 levels left

rFire   + . .        a - +0 war axe
rCold   + . .        c - +0 buckler
rNeg    . . .        n - +0 scale mail
rPois   .            (helmet restricted)
rElec   .            m - scarf {rC+ rF+}
rCorr   .            (no gloves)
SInv    .            (no boots)
Will    .....        (no amulet) Stlth
                     (no ring)
HPRegen 0.24/turn    (no ring)
MPRegen 0.07/turn

%: no passive effects
@: lethally poisoned (-3 -> -22)
A: horns 2, retaliatory headbutt
a: no special abilities


You were on level 1 of the Dungeon.
You visited 1 branch of the dungeon, and saw 1 of its levels.

You collected 35 gold pieces.

Inventory:

Hand Weapons
 a - a +0 war axe (weapon)
 b - a +0 sling
Armour
 c - a +0 buckler (worn)
 m - a scarf of resistance (worn)
 n - a +0 scale mail (worn)
Scrolls
 e - a scroll of vulnerability {unknown}
 f - 2 scrolls of poison {unknown}
 g - a scroll of enchant armour {unknown}
Potions
 d - a potion of might
 i - a potion of heal wounds {unknown}
 j - a potion of degeneration {unknown}
 k - a potion of resistance {unknown}
 l - a potion of curing {unknown}


   Skills:
 + Level 4.0 Fighting
 + Level 2.9 Axes
 + Level 4.1 Armour
 + Level 4.0 Shields


You had one spell level left.
You didn't know any spells.
Your spell library contained the following spells:

 Spells                   Type           Power      Damage    Failure   Level
 Passwall                 Tmut/Erth      0%         N/A       95%         2
 Cause Fear               Hex            0%         N/A       100%        4
 Enfeeble                 Hex            0%         N/A       100%        7


Dungeon Overview and Level Annotations

Branches:
Dungeon (1/15)

Altars:


Innate Abilities, Weirdness & Mutations

You have a pair of horns on your head.
You reflexively headbutt those who attack you in melee.


Message History

You closely miss the quokka. You headbutt the quokka.
The quokka is heavily wounded.
The quokka closely misses you.
You slash the quokka!
You kill the quokka!
No target in view!
You see here a quokka corpse.
A goblin comes into view. It is wielding a +1 dagger of venom.
The goblin shouts!
A goblin is nearby!
A goblin is nearby!
A goblin is nearby!
You barely miss the goblin. The goblin hits you but does no damage.
You are poisoned.
You barely miss the goblin. Your headbutt misses the goblin.
You feel sick.
The goblin hits you with a +1 dagger of venom.
You completely miss the goblin. Your headbutt misses the goblin.
You feel sick. The goblin barely misses you. You block the goblin's attack.
You hit the goblin.
The goblin is severely wounded.
You feel sick.
The goblin hits you with a +1 dagger of venom.
You are more poisoned.
A goblin is nearby!
You barely miss the goblin. Your headbutt misses the goblin.
The goblin is severely wounded.
* * * LOW HITPOINT WARNING * * *
You feel very sick.
The goblin hits you with a +1 dagger of venom.
* * * LOW HITPOINT WARNING * * *
You are lethally poisoned!
The goblin hits you but does no damage.
You are more poisoned.
You closely miss the goblin.
The goblin is severely wounded.
* * * LOW HITPOINT WARNING * * *
You feel extremely sick. You block the goblin's attack.
It was a potion of magic.
Magic courses through your body.
You die...

###..##
##.......##.........#
#.##
##.....###.......###
#.# ##...## ##.....##
#.# ##+# ##...## #.#
#.# ##.## #.# #.# #.#
#.# ##.## #.# #.# ###
##$..##### #.#
#.###.## #...@g...#
#.#
#.##...####...###.#
#.#
#.#.....###..####.#
#.#
#..........†.......
..#
#####.#####.#####.#
### #.# #.. ####


You could see a goblin.

Vanquished Creatures
  An endoplasm (D:1)
  2 giant cockroaches (D:1)
  2 goblins (D:1)
  4 hobgoblins (D:1)
  2 jackals (D:1)
  3 kobolds (D:1)
  3 quokkas (D:1)
  3 ball pythons (D:1)
  2 bats (D:1)
  A frilled lizard (D:1)
  A rat (D:1)
24 creatures vanquished.

Notes
Turn   | Place    | Note
-------+----------+-------------------------------------------
     0 | D:1      | Destapler the Minotaur Fighter began the quest for the Orb.
     0 | D:1      | Reached XP level 1. HP: 19/19 MP: 0/0
   226 | D:1      | Reached XP level 2. HP: 27/27 MP: 1/1
   236 | D:1      | Got the Elucidation of Enchanted Changes
   788 | D:1      | HP: 1/27 [poisoned by a goblin]
   789 | D:1      | Succumbed to a goblin's poison

Illustrated notes

Levels and vault maps discovered:
D:1:      dpeg_arrival_stone_temple_mockup, layout_loops_corners

Skill      XL: |  1  2 |
---------------+-------+-----
Shields        | 4 |  4.0
Fighting       | 4 |  4.0
Armour         | 4 |  4.1
Axes           | |  2.9

Action                     || total
---------------------------++-------
  Melee: War axe           ||    57
         Headbutt          ||     6
    Use: Potion            ||     1
 Armour: Scale mail        ||    25
  Dodge: Dodged            ||    26
  Block: Buckler           ||    13
